Map: Site Delta LE

Players

Axelzzon - Winner!

  • Race: Terran Terran
  • Spawn Location: 11:00

Lecrae

  • Race: Terran Terran
  • Spawn Location: 5:00

VOD

Have the link to the VOD?

Description

Time

  • Played on: July 14, 2024, 1:41 p.m.
  • Length: 34:20
Show
View Real Time Build Order
Export as new Build Order

Axelzzon Terran - Winner!

Build Orders:  

Get SALT Encoding   

  12  0:00  SCV  
  13  0:12  SCV  
  14  0:22  Supply Depot  
  14  0:24  SCV  
  15  0:35  Refinery  
  15  0:43  SCV  
  15  0:47  Barracks  
  16  0:55  SCV  
  17  1:04  Supply Depot  
  17  1:07  SCV  
  18  1:19  SCV  
  19  1:42  Marine  
  19  1:43  Bunker  
  20  1:47  SCV  
  21  1:59  SCV  
  22  2:02  Command Center  
  22  2:13  Orbital Command  
  22  2:23  Barracks Tech Lab  
  22  2:28  Barracks  
  22  2:43  Factory  
  22  2:46  Refinery  
  22  3:16  Orbital Command  
  22  3:18  SCV  
  23  3:30  Starport, SCV  
  23  3:39  Refinery  
  23  3:42  SCV  
  23  3:44  SCV  
  25  3:52  Refinery  
  25  3:54  SCV  
  26  3:56  SCV  
  27  4:06  SCV  
  27  4:08  SCV  
  29  4:14  Fusion Core  
  29  4:16  Starport Tech Lab  
  29  4:18  SCV  
  29  4:19  Factory Tech Lab  
  29  4:20  SCV  
  31  4:26  Starport  
  31  4:30  SCV  
  32  4:32  SCV  
  33  4:42  SCV  
  33  4:44  Hellion, SCV  
  37  4:49  Infernal Pre-Igniter  
  37  5:05  Battlecruiser  
  37  5:06  Hellion  
  45  5:08  Starport Tech Lab  
  45  5:15  Barracks Tech Lab  
  45  5:20  SCV  
  46  5:27  Supply Depot  
  46  5:36  Supply Depot  
  46  5:37  Supply Depot  
  46  5:49  Hellion, SCV  
  49  5:52  Supply Depot  
  49  6:00  Supply Depot  
  55  6:13  Battlecruiser  
  55  6:15  Weapon Refit  
  48  7:24  Starport  
  50  8:20  Battlecruiser  
  50  8:24  Battlecruiser  
  48  8:35  Hellion  
  48  8:40  Marine x2  
  52  8:56  Hellion  
  52  8:58  Marine x2  
  56  9:09  Command Center  
  56  9:15  Marine  
  56  9:16  Marine  
  58  9:17  Hellion  
  66  9:24  Battlecruiser  
  66  9:33  Marine  
  66  9:34  Marine  
  68  9:39  Hellion  
  70  9:52  Marine  
  65  9:57  Viking  
  67  10:00  Hellion  
  69  10:27  Hellion, Battlecruiser  
  71  10:31  Barracks Reactor  
  51  10:48  Hellion  
  53  11:00  Battlecruiser  
  57  11:10  Hellion  
  57  11:31  Hellion  
  53  11:36  Battlecruiser  
  59  11:53  Hellion  
  61  11:59  Marine  
  58  12:02  Marine  
  58  12:05  Battlecruiser  
  63  12:17  Marine  
  63  12:18  Hellion  
  63  12:20  Marine  
  67  12:34  Barracks  
  67  12:35  Marine  
  68  12:38  Marine  
  68  12:39  Hellion, Barracks  
  68  12:40  Battlecruiser  
  68  12:41  Barracks  
  77  12:45  Barracks x2  
  75  12:52  Marine  
  75  12:56  Marine  
  69  13:00  Hellion  
  65  13:09  Battlecruiser  
  65  13:10  Marine  
  66  13:13  Marine  
  67  13:22  Hellion  
  69  13:28  Marine  
  69  13:31  Marine  
  71  13:39  Orbital Command  
  71  13:42  Refinery  
  71  13:43  Hellion  
  71  13:45  Refinery, Battlecruiser  
  71  13:48  Engineering Bay  
  79  13:49  Engineering Bay  
  79  13:50  Barracks Tech Lab  
  79  13:51  Barracks Tech Lab x3  
  79  13:52  Barracks Tech Lab  
  79  14:11  SCV  
  79  14:12  SCV x2  
  68  14:32  Battlecruiser  
  45  15:19  Concussive Shells  
  45  15:21  Stimpack  
  45  15:22  Combat Shield  
  45  15:26  Terran Infantry Armor Level 1, Terran Infantry Weapons Level 1  
  45  15:28  Marauder  
  45  15:29  Marauder x5  
  57  15:42  Supply Depot  
  57  15:47  Supply Depot  
  57  15:50  Marauder x5  
  57  15:51  Marauder  
  71  16:11  Marauder  
  71  16:12  Marauder x5, Command Center  
  71  16:18  Medivac x2  
  85  16:33  Marauder  
  85  16:34  Marauder  
  67  16:44  Marauder  
  67  16:45  Marauder x3  
  73  16:48  Medivac x2  
  71  16:54  Marauder  
  71  16:56  Marauder  
  73  17:05  Marauder  
  73  17:06  Marauder x3  
  81  17:31  Armory  
  81  17:36  Marauder  
  81  17:37  Marauder  
  85  17:44  Refinery  
  85  18:07  Marauder x3  
  91  18:21  Planetary Fortress  
  85  18:38  Marine  
  85  18:39  Marauder  
  85  18:40  Marauder  
  74  18:53  Marauder  
  74  18:54  Marauder x2  
  80  19:00  Marauder  
  80  19:01  Marauder  
  84  19:05  Marauder  
  84  19:08  Siege Tank  
  89  19:26  Marauder  
  77  19:48  Medivac x2  
  81  20:00  Siege Tank  
  84  20:22  Marauder x6  
  84  20:26  Terran Infantry Armor Level 2  
  96  20:37  Orbital Command  
  96  20:43  Marauder  
  96  20:44  Marauder  
  100  21:05  Supply Depot, Command Center  
  100  21:08  Supply Depot  
  100  21:17  Marauder x6  
  89  21:38  Marauder  
  89  21:39  Marauder x3  
  97  21:41  Marauder  
  97  21:42  Marauder  
  101  21:52  Siege Tank  
  104  22:00  Marauder x3  
  71  22:32  Marauder x6  
  70  22:53  Marauder  
  70  22:54  Marauder, Refinery  
  74  22:58  Refinery  
  74  23:00  SCV  
  74  23:01  SCV x2  
  81  23:13  Marauder x4, SCV x3  
  81  23:14  Marauder  
  81  23:15  Marauder  
  81  23:17  Medivac  
  81  23:18  Medivac  
  100  23:34  Marauder x2  
  100  23:37  Marauder  
  100  23:38  Marauder x3  
  108  23:47  Medivac  
  108  23:48  Medivac  
  116  23:55  Marauder x2  
  116  23:58  Terran Infantry Weapons Level 2  
  116  23:59  Marauder  
  116  24:00  Terran Infantry Armor Level 3  
  118  24:22  SCV  
  118  24:23  SCV  
  80  24:58  Marauder x4  
  80  24:59  Marauder x2  
  88  25:10  Medivac x2  
  92  25:19  Marauder x2  
  92  25:20  Marauder x4  
  104  25:40  Medivac x2  
  108  25:45  Marauder  
  108  25:46  Marauder x4  
  120  25:50  Marauder  
  120  26:42  Marauder x4  
  120  26:43  Marauder x2  
  132  27:11  Supply Depot  
  132  27:12  Supply Depot  
  132  27:13  Supply Depot  
  132  27:32  Medivac x2, Marauder x2  
  132  27:34  Marauder x4  
  132  27:35  Siege Tank  
  132  27:36  Supply Depot x2  
  151  27:38  Supply Depot  
  151  27:54  Marauder x2  
  151  27:56  Marauder  
  151  27:58  Marauder x3  
  163  27:59  Supply Depot  
  163  28:05  Supply Depot  
  163  28:15  Marauder x2  
  163  28:17  Marauder  
  163  28:18  Siege Tank  
  163  28:19  Marauder x3  
  176  28:39  Command Center  
  131  32:42  Orbital Command  
Show
View Real Time Build Order
Export as new Build Order

Lecrae Terran 

Build Orders:  

Get SALT Encoding   

  12  0:00  SCV  
  13  0:12  SCV  
  14  0:18  Supply Depot  
  14  0:24  SCV  
  15  0:40  SCV  
  16  0:43  Barracks  
  16  0:49  Refinery  
  16  0:52  SCV  
  17  1:04  SCV  
  18  1:16  SCV  
  19  1:28  SCV  
  20  1:35  Barracks Reactor  
  20  1:36  Command Center  
  20  1:40  SCV  
  20  1:46  Supply Depot  
  21  1:56  Orbital Command  
  21  2:13  Marine x2  
  23  2:16  Supply Depot  
  23  2:22  SCV  
  24  2:31  Marine x2  
  26  2:39  Supply Depot  
  26  2:43  SCV  
  27  2:48  Orbital Command  
  27  2:51  Marine x2  
  27  2:55  SCV  
  30  3:00  Barracks  
  30  3:04  Barracks  
  30  3:10  Marine x2  
  30  3:12  SCV  
  33  3:16  SCV  
  34  3:24  SCV  
  35  3:28  SCV, Marine x2  
  35  3:33  Supply Depot  
  38  3:36  SCV  
  39  3:43  SCV  
  41  3:48  SCV  
  41  3:51  Barracks Tech Lab x2  
  41  3:55  SCV, Marine x2  
  42  3:56  Supply Depot  
  42  4:00  SCV  
  45  4:07  SCV  
  46  4:12  SCV  
  46  4:13  Refinery, Marine x2  
  46  4:14  Refinery  
  49  4:19  Supply Depot  
  49  4:20  SCV  
  49  4:21  Stimpack  
  50  4:24  SCV  
  50  4:25  Combat Shield  
  50  4:26  Refinery  
  50  4:28  Factory, Marine  
  50  4:29  Marine  
  53  4:34  Marine x2  
  55  4:41  SCV x2  
  57  4:46  Marine  
  57  4:47  Marine  
  57  4:51  Marine  
  57  4:52  Marine  
  61  4:53  SCV  
  61  4:54  SCV  
  63  5:04  Marine  
  63  5:05  SCV, Marine  
  63  5:06  SCV  
  67  5:09  Marine x2  
  69  5:18  SCV x2  
  69  5:19  Starport  
  69  5:20  Factory Reactor  
  71  5:22  Marine  
  71  5:23  Marine  
  71  5:27  Marine x2  
  75  5:29  Supply Depot  
  75  5:30  SCV x2  
  77  5:39  Marine  
  77  5:40  Marine  
  77  5:42  SCV x2  
  81  5:45  Marine x2  
  83  5:52  Supply Depot  
  83  5:58  Command Center  
  83  6:15  Supply Depot  
  75  7:07  Marine x4  
  70  7:24  Barracks x2  
  70  7:25  Barracks x2, Marine x4  
  70  7:42  Marine  
  70  7:43  Marine x3  
  62  8:00  Marine  
  62  8:01  Marine x3  
  55  8:12  Viking x2  
  59  8:18  Marine  
  59  8:19  Marine x3  
  56  8:25  Barracks Reactor x4  
  51  8:31  SCV x2  
  51  8:32  SCV  
  54  8:36  Marine x2  
  54  8:37  Marine x2  
  58  8:43  SCV  
  58  8:44  SCV x2  
  61  8:49  Barracks  
  61  8:54  Marine x4  
  61  8:55  Viking x2  
  67  8:56  Starport, SCV x3  
  72  9:08  SCV x3  
  75  9:12  Marine x2  
  77  9:17  Marine  
  77  9:18  Marine x9  
  77  9:20  SCV x3  
  90  9:29  Marine  
  90  9:30  Marine  
  92  9:35  Marine  
  92  9:36  Marine x9  
  95  9:47  Marine  
  95  9:48  Marine  
  93  9:53  Marine x3  
  93  9:54  Marine x7  
  103  10:05  Marine  
  103  10:06  Marine  
  101  10:11  Barracks Reactor, Marine x10  
  101  10:12  Starport Reactor  
  105  10:23  Marine x2  
  105  10:29  Marine x5  
  90  10:51  Viking x2  
  90  10:52  Viking x2  
  70  11:21  Viking x2  
  70  11:22  Viking x2  
  78  11:29  Starport  
  78  11:30  Starport  
  76  11:42  Marine  
  76  11:43  Marine x13  
  82  12:00  Marine  
  82  12:01  Marine x13  
  96  12:10  Starport Reactor x2  
  96  12:11  Viking x4  
  104  12:18  Marine x6  
  104  12:19  Refinery, Marine x7  
  104  12:21  Factory Tech Lab, Refinery  
  117  12:43  Supply Depot x2  
  117  12:45  Supply Depot  
  117  12:47  Marine  
  117  12:48  Marine x2  
  117  12:50  Marine x4  
  117  12:51  Marine x3  
  117  12:52  Marine x3  
  117  12:53  Marine  
  101  13:07  Supply Depot  
  101  13:09  Supply Depot x2, Marine  
  102  13:23  Viking x5  
  112  13:31  Supply Depot  
  112  13:34  Supply Depot  
  112  13:40  SCV x3  
  115  13:52  SCV x2  
  117  14:02  Command Center  
  105  14:49  Marine x6  
  105  14:50  Marine x8  
  91  15:07  Marine x12  
  91  15:08  Marine x2  
  103  15:18  Orbital Command  
  103  15:22  SCV x3  
  103  15:24  Marine  
  103  15:25  Marine x7  
  114  15:43  Marine  
  114  15:44  Marine x9  
  124  15:59  SCV x4  
  128  16:11  SCV x4  
  132  16:30  Marine  
  132  16:31  Marine x13  
  117  16:48  Marine x2  
  117  16:49  Marine x7  
  117  16:55  SCV x4  
  121  17:05  Marine  
  121  17:06  Marine x4  
  121  17:07  SCV x4  
  130  17:14  Marine x5  
  130  17:15  Marine  
  136  17:23  Orbital Command  
  136  17:30  Marine  
  136  17:31  Marine x8  
  136  17:32  Marine x4  
  149  17:53  Marine  
  149  17:54  Marine x13  
  163  18:05  Command Center  
  163  18:11  Marine  
  163  18:12  Marine x13  
  174  18:29  Marine x2  
  174  18:30  Marine x12  
  147  18:47  Marine x7  
  147  18:48  Marine x7  
  150  19:05  Marine x13  
  150  19:06  Marine  
  164  19:22  Marine  
  164  19:23  Marine x10  
  137  19:40  Marine x4  
  137  19:41  Marine x10  
  148  19:54  Siege Tank  
  148  19:58  Marine x4  
  148  19:59  Marine x10  
  165  20:06  Factory  
  165  20:08  Factory  
  165  20:15  Marine  
  165  20:16  Marine x6  
  165  20:17  Marine x2  
  174  20:24  Marine  
  174  20:25  Marine x4  
  179  20:33  Marine  
  179  20:34  Marine x8  
  188  20:40  Siege Tank  
  188  20:42  Marine  
  191  20:43  Marine x4  
  196  20:51  Marine  
  196  20:52  Marine x2  
  199  20:58  Factory Tech Lab x2  
  180  21:32  Marine  
  158  21:33  Marine x13  
  172  21:50  Marine  
  172  21:51  Marine x13  
  186  21:59  Engineering Bay  
  186  22:01  Engineering Bay  
  186  22:05  Armory  
  186  22:08  Marine x3  
  186  22:09  Marine  
  186  22:10  Marine x10  
  140  22:38  Marine x13  
  140  22:39  Marine  
  153  22:46  Terran Infantry Armor Level 1, Terran Infantry Weapons Level 1  
  153  22:52  Terran Vehicle Weapons Level 1  
  153  22:55  Marine  
  153  22:56  Marine x13  
  167  23:13  Marine  
  167  23:14  Marine x13  
  181  23:31  Marine  
  181  23:32  Marine x10  
  191  24:35  Medivac x3  
  191  24:36  Medivac  
  199  24:38  Marine  
  161  25:08  Medivac x3  
  161  25:12  Marine  
  161  25:13  Marine x12  
  183  25:14  Siege Tank x3  
  183  25:16  Marine  
  183  25:19  Terran Infantry Weapons Level 2, Terran Infantry Armor Level 2  
  183  25:20  Terran Vehicle Weapons Level 2  
  190  25:30  Marine x7  
  190  25:31  Marine x3  
  200  25:44  Command Center  
  200  26:39  Marine  
  200  27:27  Command Center  
  200  28:02  Orbital Command  
  200  28:05  Orbital Command  
  194  29:17  Marine x8  
  163  31:14  Barracks  
  163  31:15  Barracks x2  
  162  31:19  Supply Depot x2  
  162  31:22  Supply Depot  
  162  31:29  Supply Depot  
  158  31:43  Supply Depot  
  158  31:45  Supply Depot  
  158  31:47  Supply Depot  
  157  32:09  Supply Depot  
  157  32:12  Orbital Command  
  157  32:47  Supply Depot  
  157  32:48  Supply Depot  
  157  32:49  Supply Depot  
  157  33:11  Supply Depot  
  145  33:33  SCV x2  
  96  33:44  Barracks Reactor x3  
  96  33:45  SCV x2  
  86  33:54  Factory  
  86  33:55  Factory  
  85  33:56  Factory  
Tags
 
Matchup
TvT
Race
Terran
Spawn Locations
Cross Positions
Add a new tag
Caveats
  • Supply blocks, unpowered buildings, or Contaminate may cause inaccurate times.
  • Supply counts are checked every 10 seconds.